 Dungeon Crawl Stone Soup version 0.27-a0-637-g3a9f0a9c12 (webtiles) character file.

Game seed: 18060956735888489402

0 CypherZel the Skirmisher (level 1, -7/20 HPs)
             Began as a Palentonga Abyssal Knight on Mar 14, 2021.
             Was a Follower of Lugonu.
             Mangled by a small abomination (12 damage)
             ... on level 1 of the Abyss.
             The game lasted 00:00:26 (95 turns).

CypherZel the Skirmisher (Palentonga Abyssal Knight)  Turns: 95, Time: 00:00:26

Health: -7/20      AC:  4    Str: 15    XL:     1   Next: 0%
Magic:  2/2        EV:  9    Int: 12    God:    Lugonu [*.....]
Gold:   0          SH:  0    Dex:  9    Spells: 0/0 levels left

rFire    . . .     SeeInvis +   a - +1 falchion
rCold    . . .     Faith    .   (no shield)
rNeg     . . .     Spirit   .   b - +0 leather armour
rPois    .         Reflect  .   (no helmet)
rElec    .         Harm     .   (no cloak)
rCorr    .         Rampage  .   (no gloves)
Will     .....                  (no barding)
Stlth    +.........             (no amulet)
HPRegen  0.06/turn              (no ring)
MPRegen  0.08/turn              (no ring)

@: no status effects
A: large, rugged brown scales 3, see invisible, deformed body, roll 1, armoured
tail
a: Rolling Charge, Renounce Religion, Depart the Abyss


You were on level 1 of the Abyss.
You worshipped Lugonu.
Lugonu was aware of your devotion.
You visited 0 branches of the dungeon, and saw 0 of its levels.
You visited the Abyss 1 time.

Inventory:

Hand Weapons
 a - a +1 falchion (weapon)
Armour
 b - a +0 leather armour (worn)
Potions
 J - a potion of curing {@q1}


   Skills:
 + Level 3.0 Fighting
 + Level 2.0 Long Blades
 + Level 1.5 Armour
 + Level 0.7 Dodging
 + Level 2.0 Invocations


You couldn't memorise any spells.
You didn't know any spells.
Your spell library was empty.

Dungeon Overview and Level Annotations

Branches:
Dungeon (0/15)

Altars:


Innate Abilities, Weirdness & Mutations

You are completely covered in rugged brown scales. (AC +3, +7% HP)
You have supernaturally acute eyesight. (SInv)
Armour fits poorly on your strangely shaped body.
You can roll at nearby foes to attack.
You have a long armoured tail.


Message History

Welcome, CypherZel the Palentonga Abyssal Knight.
The bosom of this dungeon contains the fabulous artefact, the Orb of Zot.
Lugonu says: Depart the Abyss and spread corruption, my servant! (use the ability menu to exit the Abyss) Press ? for a list of commands and other information.
Found two corrupted altars of Lugonu.
c - a scroll labelled GULLEPO NERUA
As you read the scroll labelled GULLEPO NERUA, it crumbles to dust.
It is a scroll of identify.
You don't have any unidentified items.
There's nothing you can charge at!
c - 2 white potions
Found a ring mail.
You enter the shallow water.
Moving in this stuff is going to be slow.
You aren't carrying any scrolls.
A small abomination comes into view.
A tentacled starspawn comes into view.
A tentacle flies out from the starspawn's body!
A starspawn tentacle comes into view.
A starspawn tentacle comes into view.
The starspawn tentacle grabs you. The starspawn tentacle constricts you.
You escape the starspawn tentacle's grasp.
The small abomination hits you!
Ouch! That really hurt!
* * * LOW HITPOINT WARNING * * *
Tentacles burst from the starspawn's body! 2 starspawn tentacles come into view.
You aren't carrying any scrolls.
It was a potion of curing.
You feel better.
J - a potion of curing The small abomination hits you.
* * * LOW HITPOINT WARNING * * *
The small abomination hits you!
Ouch! That really hurt!
You die...

..#.....# ....#X ..
.. .........
...w─... ..# #....
#....X# #..
#...###. w###
##.###..#.#...#.
#.. ...#....#..#.
###.#
##..##.#..#.### #
#..#.#.#..#.## .#
#..@x#......#.. #
#..#..###.....#.
##.#.###.....#.##..
##.#.# ..#.. # # .#
#.#..##≈≈≈ ..
...#≈≈≈ ≈≈≈≈ ≈≈ ..
≈≈≈≈≈≈≈ ≈♣≈#...
≈≈≈≈≈≈≈♣≈≈....####
≈≈≈≈ ≈## .. . .# .


You could see a small abomination.

Vanquished Creatures (others)
  4 starspawn tentacles (Abyss:1)
4 creatures vanquished.

Notes
Turn   | Place    | Note
-------+----------+-------------------------------------------
     0 | Abyss:1  | CypherZel the Palentonga Abyssal Knight began the quest for
                  | the Orb.
     0 | Abyss:1  | Reached XP level 1. HP: 20/20 MP: 2/2
    24 | Abyss:1  | Found a corrupted altar of Lugonu.
    76 | Abyss:1  | Noticed a small abomination
    81 | Abyss:1  | Noticed a tentacled starspawn
    95 | Abyss:1  | Mangled by a small abomination

Illustrated notes

Levels and vault maps discovered:
Abyss:1:  base: Temple, base:
Temple

Action                   || total
-------------------------++-------
  Use: Scroll            ||     1
       Potion            ||     1
Dodge: Dodged            ||     1

Table legend: (Time is in decaauts)
 A = Elapsed time spent in this place.
 B = Non-inter-level travel time spent in this place.
 C = Inter-level travel time spent in this place.
 D = Time resting spent in this place.
 E = Time spent auto-exploring this place.
 F = Levels seen in this place.
 G = Mean time per level.
                   A        B        C        D        E       F      G
               +--------+--------+--------+--------+--------+-----+--------+
         Total |     95 |     95 |      0 |      0 |     70 |   1 |   95.0 |
         Abyss |     95 |     95 |      0 |      0 |     70 |   1 |   95.0 |
               +--------+--------+--------+--------+--------+-----+--------+

Top non-repeatable levels by time:
 Abyss:1: 95 daAuts
